 Dungeon Crawl Stone Soup version 0.32-a0-791-gfc315c9ecd (webtiles) character file.

Game seed: 4165071056261048668

54 smashvw the Shield-Bearer (level 3, 0/33 HPs)
             Began as a Mountain Dwarf Fighter on Mar 20, 2024.
             Slain by an orc
             ... wielding a +0 war axe
              (4 damage)
             ... on level 2 of the Dungeon.
             The game lasted 00:04:57 (925 turns).

smashvw the Shield-Bearer (Mountain Dwarf Fighter)   Turns: 925, Time: 00:04:58

Health: 0/33       AC:  6    Str: 20    XL:     3   Next: 66%
Magic:  3/3        EV:  8    Int:  8    God:
Gold:   18         SH:  5    Dex: 15    Spells: 2/2 levels left

rFire   . . .        a - +0 trident
rCold   . . .        c - +0 buckler
rNeg    . . .        b - +0 scale mail
rPois   .            (no helmet)
rElec   .            (no cloak)
rCorr   .            (no gloves)
SInv    .            (no boots)
Will    +....        (no amulet) Stlth
                     k - ring of willpower
HPRegen 0.25/turn    o - +6 ring of dexterity
MPRegen 0.08/turn

%: no passive effects
@: no status effects
A: runic magic, artefact enchanting
a: no special abilities


You were on level 2 of the Dungeon.
You visited 1 branch of the dungeon, and saw 2 of its levels.

You collected 18 gold pieces.

Inventory:

Hand Weapons
 a - a +0 trident (weapon)
Armour
 b - a +0 scale mail (worn)
 c - a +0 buckler (worn)
Jewellery
 k - a ring of willpower (left hand)
 o - a +6 ring of dexterity (right hand)
Scrolls
 f - a scroll of torment {unknown}
 i - a scroll of identify {unknown}
 j - 2 scrolls of enchant weapon {unknown}
 n - a scroll of teleportation {unknown}
Potions
 d - 2 potions of might
 e - a potion of ambrosia {unknown}
 g - a potion of mutation {unknown}
 h - a potion of curing {unknown}
 l - a potion of magic {unknown}
 m - 4 potions of heal wounds {unknown}


   Skills:
 + Level 3.8 Fighting
 + Level 2.5 Polearms
 - Level 3.2 Armour
 * Level 4.3 Shields


You had 2 spell levels left.
You didn't know any spells.
Your spell library was empty.

Dungeon Overview and Level Annotations

Branches:
Dungeon (2/15)

Altars:


Innate Abilities, Weirdness & Mutations

Your spellcasting is much less encumbered by armour.
You can use scrolls of enchantment on lesser artefacts.


Message History

You closely miss the kobold.
The kobold is moderately wounded.
You block the kobold's attack.
The orc priest calls down the wrath of Beogh upon you.
Beogh smites you!
The orc priest shouts, "The Pantheon deserves no one's loyalty.
Let us show you the true path!" (press Y on the ability menu to convert to Beogh) Unknown command.
The kobold throws a stone.
The stone barely misses you.
The orc priest calls down the wrath of Beogh upon you.
Beogh smites you!
* * * LOW HITPOINT WARNING * * *
Reach: a) +0 trident
Press: ? - help, Dir - move target, f/p - kobold
Aim: a kobold, wielding a +0 dagger and quivering stones (moderately wounded, about 49% to evade your +0 trident)
You reach to attack!
You hit the kobold.
The kobold is severely wounded.
Reach: a) +0 trident
Press: ? - help, Dir - move target, f/p - kobold
Aim: a kobold, wielding a +0 dagger and quivering stones (severely wounded, about 49% to evade your +0 trident)
You hit the kobold.
You kill the kobold!
Reach: a) +0 trident
Press: ? - help, Dir - move target, f - orc
Aim: an orc, wielding a +0 war axe and wearing a +0 leather armour (about 41% to evade your +0 trident)
You hit the orc.
The orc is severely wounded.
The orc hits you but does no damage. x2; The orc hits you with a +0 war axe.
* * * LOW HITPOINT WARNING * * *
You are too injured to fight recklessly!
You are too injured to fight recklessly!
You barely miss the orc.
The orc is severely wounded.
You block the orc's attack. The orc hits you but does no damage.
You barely miss the orc.
The orc is severely wounded.
The orc hits you from afar with a +2 trident of protection.
* * * LOW HITPOINT WARNING * * *
The orc hits you with a +0 war axe.
You die... .....# # ....# # ....# # ... # ooo

# #o# # #.# # #o### #
##.o@### # #......### #
# ##........##### #.# #
#†............###...##
##.)........##...###...
#.....#.....#......###.
##..........##........##
#...........#...........
#.#........##..........#


You could see 2 orcs.

Vanquished Creatures
  A ribbon worm (D:2)
  A dart slug (D:2)
  A ball python (D:1)
  6 endoplasms
  4 giant cockroaches (D:1)
  5 goblins
  A hobgoblin (D:1)
  6 jackals (D:1)
  3 kobolds
  3 quokkas
  4 bats (D:1)
  3 frilled lizards (D:1)
  3 rats
41 creatures vanquished.

Notes
Turn   | Place    | Note
-------+----------+-------------------------------------------
     0 | D:1      | smashvw the Mountain Dwarf Fighter began the quest for the
                  | Orb.
     0 | D:1      | Reached XP level 1. HP: 19/19 MP: 1/1
    72 | D:1      | Reached XP level 2. HP: 26/26 MP: 2/2
   332 | D:1      | Reached skill level 4 in Shields
   377 | D:1      | Reached XP level 3. HP: 33/33 MP: 3/3
   704 | D:2      | Upgraded the game from 0.32-a0-779-g362cfcae2a to
                  | 0.32-a0-791-gfc315c9ecd
   925 | D:2      | Slain by an orc

Illustrated notes

Levels and vault maps discovered:
D:1:      dpeg_arrival_simpleton_c, layout_loops_ring
D:2:      minmay_skewed_foursquare, layout_basic,
          amcnicky_mini_rare_corridor_liquid, serial_park_tiny_1

Skill      XL: |  1  2 |
---------------+-------+-----
Shields        | 4 |  4.3
Fighting       | |  3.8
Polearms       | |  2.5
Armour         | |  3.2

Action                     || total
---------------------------++-------
  Melee: Trident           ||   141
 Armour: Scale mail        ||   106
  Dodge: Dodged            ||    60
  Block: Buckler           ||    30

Table legend: (Time is in decaauts)
 A = Elapsed time spent in this place.
 B = Non-inter-level travel time spent in this place.
 C = Inter-level travel time spent in this place.
 D = Time resting spent in this place.
 E = Time spent auto-exploring this place.
 F = Levels seen in this place.
 G = Mean time per level.
                   A        B        C        D        E       F      G
               +--------+--------+--------+--------+--------+-----+--------+
         Total |    954 |    949 |      5 |      0 |    669 |   2 |  477.0 |
       Dungeon |    954 |    949 |      5 |      0 |    669 |   2 |  477.0 |
               +--------+--------+--------+--------+--------+-----+--------+

Top non-repeatable levels by time:
     D:1: 716 daAuts
     D:2: 238 daAuts
